 Dungeon Crawl Stone Soup version 0.30.0-29-ga12c61a403 (webtiles) character file.

Game seed: 3834373172876780100

228 cheesebisquit the Grave Robber (level 6, 0/50 HPs)
             Began as a Ghoul Necromancer on June 6, 2023.
             Slain by a wight
             ... wielding a +3 dagger of freezing
              (2 damage)
             ... on level 7 of the Dungeon.
             The game lasted 00:14:37 (3481 turns).

cheesebisquit the Grave Robber (Ghoul Necromancer)  Turns: 3481, Time: 00:14:38

Health: 0/50       AC:  9    Str: 12    XL:     6   Next: 2%
Magic:  9/9        EV:  6    Int: 12    God:
Gold:   187        SH:  0    Dex:  9    Spells: 4/10 levels left

rFire   . . .        b - +2 mace (heavy)
rCold   + . .        (no shield)
rNeg    + + +        j - +1 chain mail
rPois   ∞            (no helmet)
rElec   .            (no cloak)
rCorr   .            (no gloves)
SInv    .            (no boots)
Will    .....        d - amulet of regeneration Stlth
                     (no ring)
HPRegen 0.00/turn    (no ring)
MPRegen 0.11/turn

%: no passive effects
@: attractive, inhibited regen
A: claws 1, cold resistance 1, negative energy resistance 3, inhibited
regeneration, torment resistance 2, devour on kill
a: no special abilities


You were on level 7 of the Dungeon.
You visited 2 branches of the dungeon, and saw 6 of its levels.

You collected 187 gold pieces.

Inventory:

Hand Weapons
 b - a +2 heavy mace (weapon)
Missiles
 c - 7 poisoned darts
 f - 4 boomerangs
 r - 3 atropa-tipped darts
Armour
 j - a +1 chain mail (worn)
Jewellery
 d - an amulet of regeneration (around neck)
Wands
 s - a wand of acid (4)
Scrolls
 l - a scroll of enchant armour
 o - a scroll of noise {unknown}
 t - a scroll of fog {unknown}
Potions
 g - 3 potions of mutation
 h - 2 potions of magic
 m - a potion of attraction
 p - a potion of degeneration
 q - a potion of might {unknown}
 u - a potion of lignification {unknown}
 v - a potion of resistance {unknown}


   Skills:
 - Level 2.7 Fighting
 * Level 2.5 Armour
 - Level 1.7 Dodging
 - Level 2.1 Stealth
 - Level 2.8 Spellcasting
 - Level 4.8 Necromancy


You had 4 spell levels left.
You knew the following spells:

 Your Spells              Type           Power      Damage    Failure   Level
a - Necrotise             Necr           52%        1d6       63%         1
b - Vampiric Draining     Necr           13%        2d6       94%         3
c - Cigotuvi's Dreadful   Necr/Pois/Air  10%        N/A       99%         2

Your spell library contained the following spells:

 Spells                   Type           Power      Damage    Failure   Level
 Blink                    Tloc           2%         N/A       100%        2
 Lesser Beckoning         Tloc           2%         N/A       100%        2
 Momentum Strike          Conj/Tloc      2%         3d8       100%        2
 Volatile Blastmotes      Fire/Tloc      2%         2d10      100%        3
 Animate Dead             Necr           13%        N/A       100%        4
 Dispel Undead            Necr           13%        3d9       100%        4
 Fulminant Prism          Conj/Hex       0%         3d5       100%        4
 Iskenderun's Mystic Bla  Conj/Tloc      1%         2d3       100%        4
 Agony                    Necr           13%        N/A       100%        5
 Lee's Rapid Deconstruct  Erth           0%         3d4*      100%        5
 Conjure Ball Lightning   Conj/Air       0%         3x3d6     100%        6
 Death Channel            Necr           6%         N/A       100%        6
 Discord                  Hex            0%         N/A       100%        8
 Disjunction              Tloc           0%         N/A       100%        8


Dungeon Overview and Level Annotations

Branches:
Dungeon (4/15)             Temple (1/1) D:4

Altars:
Ashenzari
Dithmenos
Fedhas
Gozag
Hepliaklqana
Makhleb
Trog
Uskayaw
Vehumet
Wu Jian
Yredelemnul

Annotations:
D:3 2 transporters, seaoflcl's ghost, amateur DsFi


Innate Abilities, Weirdness & Mutations

You are immune to poison.
You have sharp fingernails.
Your flesh is cold resistant. (rC+)
You are immune to negative energy. (rN+++)
You do not regenerate when monsters are visible.
You are immune to unholy pain and torment.
You thrive by killing the living.


Message History

It is a scroll of identify.
g - 3 potions of mutation
As you read the scroll labelled MOCWURE GATE, it crumbles to dust.
It is a scroll of enchant armour.
Your +0 chain mail glows green for a moment.
It was a potion of attraction.
You feel attractive to monsters. The wight is attracted toward you. x2
It was a potion of curing.
You feel better.
The wight hits you from afar with a +3 spear.
* * * LOW HITPOINT WARNING * * *
The iguana bites you but does no damage.
The wight is attracted toward you. x3
Blink to where?
Press: ? - help, Dir - move target
Found 5 boomerangs.
As you read the scroll of blinking, it crumbles to dust.
The iguana is attracted toward you. The wight is attracted toward you. x2
As you read the scroll of identify, it crumbles to dust.
p - a potion of degeneration The iguana is attracted toward you.
The wight is attracted toward you. x2
You feel better. The iguana barely misses you.
The wight hits you from afar with a +3 spear.
* * * LOW HITPOINT WARNING * * *
The wight is attracted toward you. x2
Okay, then.
Okay, then.
The wight hits you from afar with a +3 spear.
* * * LOW HITPOINT WARNING * * *
The wight barely misses you. The iguana attacks as you move away!
The iguana bites you.
* * * LOW HITPOINT WARNING * * *
The wight is attracted toward you.
As you read the scroll labelled WESIPA NADGHUO, it crumbles to dust.
You assume a fearsome visage.
The wight is unaffected. x2
The iguana looks frightened!
It was a scroll of fear.
This is a scroll of acquirement!
Something appears at your feet! The wight hits you but does no damage.
The wight hits you with a +3 dagger of freezing.
You die...

#....# .. #....# ...
#...§#####+# ....
#...........
....###+#####.....§.....
.....(............§.....
.........l..........z...
.........z...........§..
.......@z.§...........§.
#+#....###+##.....#####'
+.... #.....#...†. #....
#.....'...#. #....
#.....##+### ...###
#........... ....
#........... ...
+...........
#...........


You could see an iguana (fleeing) and 2 wights.

Vanquished Creatures
  A phantom (D:4)
  A hound (D:7)
  Ijyb (D:3)
  2 adders (D:3)
  A worm (D:3)
  4 orcs (D:3)
  9 endoplasms
  2 giant cockroaches
  5 goblins
  8 hobgoblins
  10 jackals
  6 kobolds
  2 quokkas (D:1)
  2 ball pythons (D:1)
  3 bats
  4 frilled lizards
  4 rats
65 creatures vanquished.

Vanquished Creatures (collateral kills)
  A goblin (D:1)
  A jackal (D:1)
  A rat (D:2)
3 creatures vanquished.

Grand Total: 68 creatures vanquished

Notes
Turn   | Place    | Note
-------+----------+-------------------------------------------
     0 | D:1      | cheesebisquit the Ghoul Necromancer began the quest for the
                  | Orb.
     0 | D:1      | Reached XP level 1. HP: 14/14 MP: 2/2
   112 | D:1      | Reached XP level 2. HP: 18/22 MP: 1/3
   140 | D:1      | Reached skill level 1 in Fighting
   498 | D:1      | Reached XP level 3. HP: 28/28 MP: 1/5
   639 | D:1      | Learned a level 3 spell: Vampiric Draining
   642 | D:1      | Learned a level 2 spell: Cigotuvi's Dreadful Rot
  1843 | D:2      | Found a faded altar of an unknown god.
  1931 | D:3      | Reached XP level 4. HP: 36/36 MP: 2/6
  2224 | D:3      | Noticed seaoflcl's ghost (amateur DsFi)
  2318 | D:3      | Found a transporter.
  2332 | D:3      | Found a transporter.
  2520 | D:3      | Noticed Ijyb
  2525 | D:3      | Killed Ijyb
  2526 | D:3      | Reached skill level 1 in Armour
  2836 | D:3      | Reached XP level 5. HP: 42/42 MP: 7/7
  3028 | D:4      | Noticed a phantom
  3119 | D:4      | Killed a phantom
  3166 | D:4      | Found a staircase to the Ecumenical Temple.
  3174 | Temple   | Entered the Ecumenical Temple
  3434 | D:4      | You fall into a shaft and drop 3 floors!
  3458 | D:7      | Reached XP level 6. HP: 50/50 MP: 9/9
  3479 | D:7      | HP: 2/50 [iguana (4)]
  3481 | D:7      | Identified a scroll of acquirement
  3481 | D:7      | Acquired a staff of death
  3481 | D:7      | Slain by a wight

Illustrated notes

Levels and vault maps discovered:
D:1:      evilmike_arrival_crescent, layout_rooms, minmay_small_reverse_x
D:2:      layout_rooms, basic_altar, hellmonk_ecumenical_altar_arch_garden,
          serial_forest, infiniplex_forest_end_2, infiniplex_forest_clump_C,
          infiniplex_forest_clump_curved, infiniplex_forest_clump_diagonal,
          infiniplex_forest_clump_C, infiniplex_forest_pool,
          infiniplex_forest_clump_curved, amcnicky_mini_pool_small
D:3:      layout_loops_corners, gammafunk_ghost_stat_death, grunt_ministairs_15,
          uniq_ijyb
D:4:      layout_rooms, gammafunk_temple_overflow_elements,
          minmay_temple_entry_drinking_statues
D:7:      layout_gridville, grunt_qazlal_sundering
Temple:   minmay_temple_curvy_branch

Skill      XL: |  1  2  3  4  5 |
---------------+----------------+-----
Fighting       | 1 2 |  2.7
Spellcasting   | 2 |  2.8
Armour         | 1 2 |  2.5
Dodging        | |  1.7
Stealth        | |  2.1
Necromancy     | |  4.8

Action                     |  1- 3 |  4- 6 || total
---------------------------+-------+-------++-------
  Melee: Club              |    29 |       ||    29
         Unarmed           |     1 |       ||     1
         Mace              |    47 |    62 ||   109
         Punch             |     1 |       ||     1
   Cast: Necrotise         |    46 |     1 ||    47
    Use: Potion            |     1 |     3 ||     4
         Scroll            |       |     7 ||     7
 Armour: Robe              |     6 |       ||     6
         Chain mail        |    55 |    60 ||   115
  Dodge: Dodged            |    75 |    26 ||   101
